 Dungeon Crawl Stone Soup version 0.31.0-11-ge490571c62 (webtiles) character file.

Game seed: 17375316076918175483

543 qw the Skirmisher (level 7, 0/40 HPs)
             Began as a Deep Elf Hunter on Feb 3, 2024.
             Was a Follower of Okawaru.
             Slain by an orc
             ... wielding a +1 dagger of holy wrath
              (4 damage)
             ... on level 5 of the Dungeon.
             The game lasted 00:00:16 (3559 turns).

qw the Skirmisher (Deep Elf Hunter)                 Turns: 3559, Time: 00:00:17

Health: 0/40       AC:  3    Str: 14    XL:     7   Next: 6%
Magic:  10/10      EV: 11    Int: 13    God:    Okawaru [*.....]
Gold:   62         SH:  0    Dex: 17    Spells: 6/6 levels left

rFire   . . .        a - +1 shortbow
rCold   . . .        (shield currently unavailable)
rNeg    . . .        l - +0 ring mail
rPois   .            (no helmet)
rElec   .            (no cloak)
rCorr   .            j - +0 pair of gloves
SInv    .            (no boots)
Will    .....        f - amulet of faith
Stlth   +            (no ring)
HPRegen 0.26/turn    (no ring)
MPRegen 0.12/turn

%: faith
@: about to teleport
A: deformed body, strong 1
a: Renounce Religion, Heroism


You were on level 5 of the Dungeon.
You worshipped Okawaru.
Okawaru was aware of your devotion.
You visited 1 branch of the dungeon, and saw 5 of its levels.

You collected 239 gold pieces.
You spent 177 gold pieces at shops.


Innate Abilities, Weirdness & Mutations

Armour fits poorly on your strangely shaped body.
Your muscles are strong. (Str +4, Int/Dex -1)


   Skills:
 - Level 2.0 Fighting
 + Level 10.2 Ranged Weapons
 - Level 1.4 Armour
 - Level 3.0 Dodging
 - Level 1.2 Stealth
 + Level 1.4 Invocations


You had 6 spell levels left.
You didn't know any spells.
Your spell library was empty.

Inventory:

Hand Weapons
 a - a +1 shortbow (weapon)
Armour
 j - a +0 pair of gloves (worn)
 l - a +0 ring mail (worn)
Jewellery
 f - an amulet of faith (around neck)
 i - an amulet of regeneration
Wands
 c - a wand of polymorph (6)
Scrolls
 b - a scroll of revelation {unknown}
 m - a scroll of teleportation
Potions
 d - a potion of curing
 e - a potion of mutation
 k - a potion of ambrosia {unknown}
 o - a potion of heal wounds {unknown}

Dungeon Overview and Level Annotations

Branches:
Dungeon (5/15)
 Temple: D:4-7

Altars:
Okawaru

Shops:
D:1 *   D:4 ?


Message History

The orc hits you with a +0 short sword. The orc hits you but does no damage.
You shoot an arrow.
The arrow hits the orc but does no damage.
The orc is heavily wounded.
The orc hits you but does no damage. The orc hits you with a +0 whip.
The orc hits you with a +0 short sword. The orc hits you with a +0 whip.
You shoot an arrow.
The arrow hits the orc but does no damage.
The orc is heavily wounded.
The orc hits you with a +1 dagger of holy wrath.
A sleepcap comes into view.
The orc closely misses you. The orc hits you but does no damage.
The orc hits you with a +0 whip.
You shoot an arrow.
The arrow hits the orc but does no damage.
The orc is heavily wounded.
The orc closely misses you. x2; The orc hits you but does no damage.
The orc barely misses you.
You shoot an arrow. The arrow hits the orc!
You kill the orc!
Okawaru accepts your kill. The orc closely misses you.
The orc barely misses you. x2
You shoot an arrow. The arrow barely misses the orc.
The orc barely misses you. The orc closely misses you.
The orc hits you but does no damage. x2
You shoot an arrow. The arrow barely misses the orc.
The orc closely misses you. The orc misses you.
The orc hits you with a +0 club. The orc hits you with a +0 whip.
3557 ||| READING 2 scrolls of teleportation.
As you read the scroll of teleportation, it crumbles to dust.
You feel strangely unstable.
The orc hits you with a +1 dagger of holy wrath.
The orc hits you with a +0 short sword. The orc misses you.
The orc closely misses you.
You shoot an arrow. The arrow closely misses the orc.
The orc barely misses you. x2; The orc hits you but does no damage.
The orc barely misses you.
You shoot an arrow. The arrow closely misses the orc.
The orc hits you with a +1 dagger of holy wrath.
You die...

..........#.
...........
..........#
..........#
.........?#
..........#
.......oo.#.#
#@of..#
####o####...
##....#
#..#### #.##
#######.####
#.......<..#
#......%...#
#..........#


You could see a sleepcap and 4 orcs.

Vanquished Creatures
  3 scorpions
  A howler monkey (D:4)
  3 bombardier beetles
  An iguana (D:4)
  An orc wizard (D:5)
  4 gnolls
  6 adders
  A river rat (D:3)
  5 dart slugs
  3 ribbon worms
  4 orcs
  9 bats
  8 endoplasms
  3 giant cockroaches
  2 goblins (D:1)
  4 hobgoblins (D:1)
  6 jackals
  6 quokkas
  2 ball pythons
  A frilled lizard (D:2)
  7 kobolds
  5 rats
85 creatures vanquished.

Notes
Turn   | Place    | Note
-------+----------+-------------------------------------------
     0 | D:1      | qw the Deep Elf Hunter began the quest for the Orb.
     0 | D:1      | Reached XP level 1. HP: 12/12 MP: 3/3
     0 | D:1      | 0 ||| qw: Version: 0.3-a-157-g843a77d
     0 | D:1      | 0 ||| qw: Game counter: 3597
     0 | D:1      | 0 ||| qw: Melee chars always use a shield: true
     0 | D:1      | 0 ||| qw: God list: Okawaru
     0 | D:1      | 0 ||| qw: Allow faded altars: false
     0 | D:1      | 0 ||| qw: Do Orc after clearing Dungeon:15 true
     0 | D:1      | 0 ||| qw: Do second Lair branch before Depths: true
     0 | D:1      | 0 ||| qw: Lair rune preference: random
     0 | D:1      | 0 ||| qw: Goals: Normal
     0 | D:1      | 0 ||| PLANNING D:1-11
    27 | D:1      | Reached skill level 6 in Ranged Weapons
    27 | D:1      | Reached XP level 2. HP: 16/16 MP: 4/4
   184 | D:1      | Found Neheur's Assorted Antiques.
   202 | D:1      | 202 ||| BUYING amethyst potion (15 gold).
   202 | D:1      | Bought an amethyst potion for 15 gold pieces
   202 | D:1      | 202 ||| BUYING fuming green potion (15 gold).
   202 | D:1      | Bought a fuming green potion for 15 gold pieces
   202 | D:1      | 202 ||| SHOPLISTING ring mail (68 gold, have 14).
   202 | D:1      | 202 ||| SHOPLISTING scroll labelled SUCOHE UPUEK (17 gold,
                  | have 14).
   306 | D:1      | Reached XP level 3. HP: 17/20 MP: 5/5
   408 | D:1      | 408 ||| UPGRADING to +0 pair of gloves.
   413 | D:1      | 413 ||| UPGRADING to +0 ring mail.
   423 | D:1      | 423 ||| DROPPING +0 leather armour.
   424 | D:1      | 424 ||| READING scroll labelled ANI DOH FOAS.
   425 | D:1      | 425 ||| READING scroll labelled ROCITE DUONIDO.
   430 | D:1      | 430 ||| READING 3 scrolls labelled OME OLYCUTISAPT.
   431 | D:1      | 431 ||| READING scroll labelled ATENTI SOMICSAMA.
   532 | D:1      | 532 ||| READING 2 scrolls labelled ORPHETA XOIRU.
   533 | D:1      | 533 ||| DROPPING scroll of butterflies.
   534 | D:1      | 534 ||| DROPPING 2 scrolls of noise.
   535 | D:1      | 535 ||| DROPPING scroll of blinking.
   566 | D:2      | You fall into a shaft and drop 2 floors!
   734 | D:4      | Reached skill level 7 in Ranged Weapons
   746 | D:4      | Reached XP level 4. HP: 16/25 MP: 6/6
   751 | D:4      | Reached skill level 8 in Ranged Weapons
   792 | D:4      | 792 ||| DRINKING 2 glowing black potions.
   793 | D:4      | 793 ||| DRINKING 2 orange potions.
   793 | D:4      | Gained mutation: Armour fits poorly on your strangely
                  | shaped body. [potion of mutation]
   793 | D:4      | Gained mutation: Your muscles are strong. (Str +4, Int/Dex
                  | -1) [potion of mutation]
   804 | D:3      | 804 ||| PLANNING SEWER
   968 | D:3      | Reached XP level 5. HP: 22/29 MP: 7/7
  1303 | D:3      | Reached skill level 9 in Ranged Weapons
  1460 | D:3      | 1460 ||| RIP SEWER
  1501 | D:3      | 1501 ||| PLANNING D:1-11
  1501 | D:3      | 1501 ||| FLEEEEING.
  1502 | D:3      | 1502 ||| UPGRADING to amulet of faith.
  1507 | D:3      | 1507 ||| READING scroll labelled METUZI RISCHODA.
  1508 | D:3      | 1508 ||| READING 2 scrolls labelled DIATISCH YCUC.
  1508 | D:3      | 1508 ||| IDENTIFYING red potion
  1509 | D:3      | 1509 ||| READING scroll of identify.
  1509 | D:3      | 1509 ||| IDENTIFYING coppery potion
  1510 | D:3      | 1510 ||| DRINKING 2 fuming green potions.
  1511 | D:3      | 1511 ||| DROPPING potion of brilliance.
  1512 | D:3      | 1512 ||| DROPPING potion of berserk rage.
  1513 | D:3      | 1513 ||| DROPPING potion of invisibility.
  1515 | D:3      | 1515 ||| Stepping ~*~*~tactically~*~*~ (cloud).
  1523 | D:3      | HP: 7/29 [poisoned by you (poison gas)]
  2219 | D:2      | 2219 ||| READING scroll of identify.
  2219 | D:2      | 2219 ||| IDENTIFYING inky potion
  2220 | D:2      | 2220 ||| READING scroll labelled DYTEOP USOLOYQ.
  2321 | D:2      | 2321 ||| READING scroll labelled BEES PAKKONLEDAOR.
  2322 | D:2      | 2322 ||| DROPPING potion of attraction.
  2501 | D:3      | Reached skill level 3 in Dodging
  2779 | D:4      | Found Umiulen's Magic Scroll Emporium.
  2786 | D:4      | 2786 ||| BUYING scroll of enchant weapon (105 gold).
  2786 | D:4      | Bought a scroll of enchant weapon for 105 gold pieces
  2786 | D:4      | 2786 ||| BUYING scroll of teleportation (42 gold).
  2786 | D:4      | Bought a scroll of teleportation for 42 gold pieces
  2786 | D:4      | 2786 ||| READING scroll of enchant weapon.
  2786 | D:4      | 2786 ||| ENCHANTING +0 shortbow.
  2819 | D:4      | Reached XP level 6. HP: 21/35 MP: 8/8
  2891 | D:4      | Found an iron altar of Okawaru.
  2892 | D:4      | 2892 ||| PLANNING OKAWARU WORSHIP
  2892 | D:4      | 2892 ||| READING scroll labelled LAPNUJ MOJY.
  2953 | D:4      | 2953 ||| DRINKING 2 amethyst potions.
  2994 | D:4      | 2994 ||| DROPPING potion of lignification.
  3007 | D:4      | Became a worshipper of Warmaster Okawaru
  3008 | D:4      | 3008 ||| PLANNING D:1-11
  3252 | D:5      | Entered Level 5 of the Dungeon
  3257 | D:5      | 3257 ||| STAIRDANCE
  3263 | D:4      | HP: 5/35 [scorpion (5)]
  3264 | D:4      | 3264 ||| READING 3 scrolls of teleportation.
  3265 | D:4      | HP: 2/35 [poisoned by a scorpion]
  3267 | D:4      | 3267 ||| DRINKING 2 potions of curing.
  3267 | D:4      | 3267 ||| (to cure poison)
  3393 | D:4      | Reached skill level 10 in Ranged Weapons
  3509 | D:5      | Reached * piety under Okawaru
  3510 | D:5      | Reached skill level 1 in Armour
  3518 | D:5      | Reached skill level 1 in Invocations
  3541 | D:5      | Reached XP level 7. HP: 40/40 MP: 9/9
  3556 | D:5      | HP: 9/40 [orc/+0 whip (3)]
  3557 | D:5      | 3557 ||| READING 2 scrolls of teleportation.
  3557 | D:5      | HP: 4/40 [orc/+0 short sword (3)]
  3559 | D:5      | Slain by an orc

Levels and vault maps discovered:
D:1:      amcnicky_arrival_double_pillar, layout_rooms, serial_shops,
          nicolae_shop_temple_entry_statues_fountains
D:2:      layout_loops_ring
D:3:      kb_forest_paths, layout_basic, gup_sewer_entry_bubbles, nicolae_titane
D:4:      layout_basic, okawaru_metal_pillars_3, serial_shops, shop
D:5:      layout_rooms, mainiacjoe_overflow_small_starburst,
          ebering_ghost_reflecting_pool, lemuel_flamethrower_2

Skill      XL: |  1  2  3  4  5  6 |
---------------+-------------------+-----
Ranged Weapons | 6 7 8 9 10 | 10.2
Fighting       | 2 |  2.0
Dodging        | 3 |  3.0
Armour         | 1 |  1.4
Invocations    | 1 |  1.4
Stealth        | |  1.2

Action                     |  1- 3 |  4- 6 |  7- 9 || total
---------------------------+-------+-------+-------++-------
   Fire: Shortbow          |    74 |   226 |    18 ||   318
    Use: Scroll            |     5 |     9 |     1 ||    15
         Potion            |       |     5 |       ||     5
 Armour: Leather armour    |     5 |       |       ||     5
         Ring mail         |     7 |    65 |    25 ||    97
  Dodge: Dodged            |    11 |    64 |    23 ||    98

Table legend:
 A = Non-vault XP
 B = Vault XP
 C = Vault XP percentage of total XP
 D = Non-vault monster count
 E = Vault monster count
 F = Vault count percentage of total count
                 A         B        C        D         E       F
            +---------+---------+-------+---------+---------+-------
      Total |     705 |      71 |   9.1 |      73 |      12 |  14.1
            +---------+---------+-------+---------+---------+-------
        D:1 |      48 |       0 |   0.0 |      24 |       0 |   0.0
        D:2 |      40 |       0 |   0.0 |      12 |       0 |   0.0
        D:3 |      85 |      71 |  45.5 |      14 |      12 |  46.2
        D:4 |     264 |       0 |   0.0 |      15 |       0 |   0.0
        D:5 |     268 |       0 |   0.0 |       8 |       0 |   0.0
            +---------+---------+-------+---------+---------+-------
